 Dungeon Crawl Stone Soup version 0.27.0-65-ge2af304b15 (webtiles) character file.

Game seed: 7641087061492606755

534 MeepMiepMiep the Magician (level 7, -9/47 HPs)
             Began as a Djinni Ice Elementalist on Aug 18, 2021.
             Was an Initiate of Gozag.
             Killed by divine providence
             ... invoked by an orc priest
              (10 damage)
             ... on level 5 of the Dungeon.
             The game lasted 01:39:03 (10273 turns).

MeepMiepMiep the Magician (DjIE)                   Turns: 10273, Time: 01:39:06

Health: -9/47      AC:  2    Str:  8    XL:     7   Next: 49%
Gold:   357        EV: 13    Int: 16    God:    Gozag SH:  0 Dex: 21

rFire    + + .     SeeInvis .   C - staff of poison
rCold    x . .     Faith    .   (no shield)
rNeg     . . .     Spirit   .   a - +0 robe
rPois    ∞         Reflect  .   (no helmet)
rElec    .         Harm     .   (no cloak)
rCorr    .         Rampage  .   (no gloves)
Will     .....                  (boots unavailable)
Stlth    ++........             w - amulet of magic regeneration
HPRegen  0.15/turn              E - +6 ring of dexterity
MPRegen  0.00/turn              (no ring)

@: flying
A: sickness immunity, fire resistance 2, cold vulnerability 1, float, innate
caster, hp casting, extra vitality 1
a: Renounce Religion, Potion Petition, Call Merchant, Bribe Branch


You were on level 5 of the Dungeon.
You worshipped Gozag.
Gozag was aware of your devotion.
You visited 2 branches of the dungeon, and saw 6 of its levels.

You collected 447 gold pieces.
You paid 90 gold pieces to Gozag.

Inventory:

Hand Weapons
 b - a +4 halberd of venom
 c - a +2 short sword of venom
 f - a +0 whip
 i - a +0 hand axe
 k - a +0 dagger
 m - a +0 dagger
 n - a +0 whip
 o - a +0 short sword
 u - a +0 hand axe
 v - a +0 trident
 B - a +0 hunting sling
Missiles
 d - 72 stones
 e - 33 sling bullets
 j - 11 arrows
 x - 12 bolts
 F - 3 silver boomerangs
Armour
 a - a +0 robe (worn)
 h - a +0 robe
 D - the +0 leather armour "Taorunk" {Slay+5}
   (You found it on level 4 of the Dungeon)

   Slay:      It affects your accuracy & damage with ranged weapons and melee
   (+5).
Magical Staves
 C - a staff of poison (weapon)
Jewellery
 w - an amulet of magic regeneration (around neck)
 E - a +6 ring of dexterity (left hand)
Wands
 q - a wand of digging (5)
 y - a wand of iceblast (12)
Scrolls
 r - a scroll of noise
 G - a scroll of enchant armour
Potions
 g - a potion of mutation {unknown}
 l - 2 potions of flight
 p - a potion of berserk rage {unknown}
 s - a potion of ambrosia {unknown}
 t - a potion of attraction {unknown}
 z - 2 potions of might {unknown}
 A - a potion of lignification {unknown}


   Skills:
 + Level 1.0 Fighting
 + Level 1.2 Short Blades
 + Level 0.4 Staves
 + Level 2.7 Dodging
 + Level 2.3 Stealth
 + Level 6.0 Spellcasting


You had one spell level left.
You knew the following spells:

 Your Spells              Type           Power      Damage    Failure   Level
a - Freeze                Ice            96%        1d11      1%          1
b - Frozen Ramparts       Ice            48%        1d6       3%          3
c - Ozocubu's Armour      Ice            24%        N/A       3%          3
d - Hailstorm             Conj/Ice       24%        3d7       12%         4
e - Summon Small Mammal   Summ           96%        N/A       1%          1
f - Slow                  Hex            24%        N/A       1%          2
g - Ignite Poison         Fire/Tmut/Pois 36%        N/A       3%          3
Your spell library was empty.

Dungeon Overview and Level Annotations

Branches:
Dungeon (5/15)             Temple (1/1) D:4

Altars:
Ashenzari
Cheibriados
Dithmenos
Elyvilon
Fedhas
Gozag
Hepliaklqana
Kikubaaqudgha
Makhleb
Nemelex Xobeh
Okawaru
Qazlal
Ru
Sif Muna
Trog
Uskayaw
Vehumet
Wu Jian
Yredelemnul
Zin
The Shining One

Shops:
D:2 (


Innate Abilities, Weirdness & Mutations

You are immune to sickness and miasma.
You are immune to poison.
Your flesh is very heat resistant. (rF++)
You are vulnerable to cold. (rC-)
You float through the air rather than walking.
You learn spells naturally, not from books.
Your magical power is your life essence.
You have superior vitality. (+4 HP)


Message History

You feel more buoyant.
Your quokka bites the orc.
The orc priest hits you but does no damage.
The orc priest closely misses you.
Your quokka bites the orc priest.
The orc closely misses you. The orc priest barely misses you.
Your quokka misses the orc priest. The orc hits you with a +0 flail.
* * * LOW HITPOINT WARNING * * *
Your quokka barely misses the orc priest.
You see here a +0 flail.
Your quokka closely misses the orc.
You see here a +0 flail.
The orc priest looks encouraged for a moment.
Your quokka disappears in a puff of smoke!
The orc priest calls upon Beogh to heal the orc.
The orc's wounds heal themselves!
Things that are here:
a +0 club; a +0 leather armour
There are monsters nearby!
The orc barely misses you.
Okay, then.
Casting: Freeze (safe; 1% risk of failure)
Confirm with . or Enter, or press ? or * to list all spells.
* * * LOW HITPOINT WARNING * * *
The orc hits you with a +0 flail.
* * * LOW HITPOINT WARNING * * *
The orc priest casts a cantrip, but nothing happens.
The orc hits your rat with a +0 hand axe!
Your rat dies!
Your rat's corpse disappears in a puff of smoke!
The orc priest casts a cantrip, but nothing happens.
Casting: Summon Small Mammal (safe; 1% risk of failure)
Confirm with . or Enter, or press ? or * to list all spells.
* * * LOW HITPOINT WARNING * * *
The orc hits you with a +0 flail.
* * * LOW HITPOINT WARNING * * *
The orc priest invokes the aid of Beogh against you.
Beogh smites you!
You die...
Your body crumbles into a pile of gold.

#...# #....####
#...# ##......##
#...# #........
#...## ##.....##
#....## #######
###...## ######
##...### ###....##
###...#####.))....##
##...@o..o)###...##
##..ro..### ##...##
#....### ##...##
##..## ##...## #.##
##...# #.<# #.#.).
#..# #.#.#.. #..#
..#####. ##.# #..#


You could see an orc priest, 2 orcs and a friendly quokka (summoned).

Vanquished Creatures
  A necrophage (D:4)
  An ogre (D:3)
  A gnoll shaman (D:5)
  A centaur skeleton (D:5)
  Robin (D:2)
  5 gnolls
  4 adders
  An adder skeleton (D:2)
  3 worms
  3 orcs
  5 ball pythons
  3 bats (D:1)
  An endoplasm (D:2)
  7 giant cockroaches
  10 goblins
  4 hobgoblins
  3 jackals (D:1)
  9 kobolds
  2 quokkas (D:4)
  A frilled lizard (D:1)
  3 rats
69 creatures vanquished.

Vanquished Creatures (collateral kills)
  A jelly (D:5)
  A hound (D:4)
  A gnoll shaman (D:4)
  Natasha (thrice) (D:4)
  3 gnolls (D:4)
  2 adders
  An ufetubus (D:5)
  An adder skeleton (D:4)
  2 worms
  A dart slug (D:2)
  8 orcs
  3 bats
  2 endoplasms
  5 goblins
  2 hobgoblins
  4 kobolds
  2 quokkas
  3 ball pythons
  3 frilled lizards
  3 rats
51 creatures vanquished.

Vanquished Creatures (others)
  An orc wizard (D:4)
  5 fungi (D:1)
  4 toadstools (D:1)
10 creatures vanquished.

Grand Total: 130 creatures vanquished

Notes
Turn   | Place    | Note
-------+----------+-------------------------------------------
     0 | D:1      | MeepMiepMiep the Djinni Ice Elementalist began the quest
                  | for the Orb.
     0 | D:1      | Reached XP level 1. HP: 15/15 MP: 0/0
   334 | D:1      | Reached XP level 2. HP: 20/21 MP: 0/0
   758 | D:1      | Reached XP level 3. HP: 24/25 MP: 0/0
   758 | D:1      | Learned a level 1 spell: Summon Small Mammal
  1408 | D:2      | Noticed Robin
  2183 | D:2      | Reached skill level 4 in Spellcasting
  2406 | D:2      | Killed Robin
  2407 | D:2      | Reached XP level 4. HP: 10/31 MP: 0/0
  3255 | D:2      | Found Numasaejan's Weapon Boutique.
  3820 | D:2      | Found a faded altar of an unknown god.
  4841 | D:3      | Reached XP level 5. HP: 32/35 MP: 0/0
  4841 | D:3      | Learned a level 2 spell: Slow
  4900 | D:3      | Noticed an ogre
  4925 | D:3      | Killed an ogre
  5773 | D:3      | Reached XP level 6. HP: 32/41 MP: 0/0
  6040 | D:4      | Reached skill level 5 in Spellcasting
  6252 | D:4      | Reached skill level 1 in Short Blades
  6310 | D:4      | Noticed a necrophage
  6336 | D:4      | Killed a necrophage
  6726 | D:4      | Found a staircase to the Ecumenical Temple.
  6727 | D:4      | Identified the +0 leather armour "Taorunk" {Slay+5}
  6742 | Temple   | Entered the Ecumenical Temple
  7865 | Temple   | Became a worshipper of Gozag Ym Sagoz the Greedy
  8063 | D:4      | Noticed Natasha
  8101 | D:4      | Killed Natasha
  8102 | D:4      | Reached XP level 7. HP: 42/46 MP: 0/0
  8102 | D:4      | Learned a level 3 spell: Ignite Poison
  8503 | D:4      | Noticed Natasha
  8531 | D:4      | Killed Natasha
  8809 | D:4      | Noticed Natasha
  8822 | D:4      | Killed Natasha
  9063 | D:5      | Entered Level 5 of the Dungeon
  9083 | D:5      | HP: 2/46 [ice beast (18)]
  9840 | D:5      | Reached skill level 1 in Fighting
 10078 | D:5      | Reached skill level 6 in Spellcasting
 10273 | D:5      | HP: 1/47 [orc (3)]
 10273 | D:5      | Killed from afar by an orc priest

Illustrated notes

Levels and vault maps discovered:
D:1:      zelgadis_glass_arrival_small, layout_rooms, st_stairs_13,
          minmay_gold_behind_fungi
D:2:      layout_basic, serial_shops, shop, shapermc_ecumenical_altar_pompeii,
          uniq_robin
D:3:      layout_basic
D:4:      layout_loops_ring, minmay_temple_entry_antechambers, uniq_natasha
D:5:      layout_layer_cave
Temple:   nicolae_temple_the_god_donut

Skill      XL: |  1  2  3  4  5  6  7 |
---------------+----------------------+-----
Spellcasting   | 4 5 6 |  6.0
Stealth        | 2 |  2.3
Short Blades   | 1 |  1.2
Fighting       | 1 |  1.0
Staves         | |  0.4
Dodging        | |  2.7

Action                   |  1- 3 |  4- 6 |  7- 9 || total
-------------------------+-------+-------+-------++-------
Melee: Short sword       |    11 |    50 |       ||    61
       Staff             |       |       |    21 ||    21
Throw: Boomerang         |       |       |     1 ||     1
 Cast: Freeze            |    37 |    21 |    10 ||    68
       Summon Small Mamm |    34 |   174 |    94 ||   302
       Frozen Ramparts   |     3 |       |     1 ||     4
       Ozocubu's Armour  |     2 |       |       ||     2
       Hailstorm         |       |     7 |     2 ||     9
       Slow              |       |     4 |     4 ||     8
  Use: Scroll            |     1 |     5 |     3 ||     9
       Potion            |       |     3 |     1 ||     4
 Stab: Distracted        |     1 |     1 |     1 ||     3
Armor: Robe              |     7 |     7 |     8 ||    22
Dodge: Dodged            |    44 |    49 |    42 ||   135
